 Dungeon Crawl Stone Soup version 0.32-a0-675-gdc239d62e1 (webtiles) character file.

Game seed: 14003480024029031013

401 Zeldest the Chopper (level 6, 0/48 (53) HPs)
             Began as a Mountain Dwarf Fighter on Mar 12, 2024.
             Slain by a wight
             ... wielding a +3 short sword
              (8 damage)
             ... on level 5 of the Dungeon.
             The game lasted 00:02:24 (3299 turns).

Zeldest the Chopper (Mountain Dwarf Fighter)        Turns: 3299, Time: 00:02:24

HP:   0/48 (53)     AC:  5    Str: 19    XL:     6   Next: 54%
MP:   6/6           EV:  9    Int:  8    God:
Gold: 292           SH:  6    Dex: 19    Spells: 5/5 levels left

rFire   . . .        a - +0 war axe
rCold   . . .        c - +0 buckler
rNeg    . . .        b - +0 scale mail
rPois   .            (no helmet)
rElec   .            (no cloak)
rCorr   .            m - +0 pair of gloves
SInv    .            (no boots)
Will    .....        (no amulet) Stlth
                     g - ring of wizardry
HPRegen 0.28/turn    n - +6 ring of dexterity
MPRegen 0.10/turn

%: wizardry (x1)
@: corroded, drained
A: runic magic, artefact enchanting, claws 1, agile 1, shaggy fur 1
a: no special abilities


You were on level 5 of the Dungeon.
You visited 1 branch of the dungeon, and saw 5 of its levels.

You collected 292 gold pieces.

Inventory:

Hand Weapons
 a - a +0 war axe (weapon)
Armour
 b - a +0 scale mail (worn)
 c - a +0 buckler (worn)
 m - a +0 pair of gloves (worn)
Jewellery
 e - a +6 ring of intelligence
 g - a ring of wizardry (left hand)
 n - a +6 ring of dexterity (right hand)
Scrolls
 f - 3 scrolls of teleportation {unknown}
 h - a scroll of amnesia {unknown}
 i - a scroll of enchant armour {unknown}
 j - a scroll of butterflies {unknown}
 k - 5 scrolls of identify {unknown}
 l - 2 scrolls of immolation {unknown}
Potions
 d - a potion of might
 o - a potion of ambrosia {unknown}
 p - a potion of lignification {unknown}


   Skills:
 + Level 4.6 Fighting
 * Level 5.6 Axes
 + Level 4.7 Armour
 + Level 4.6 Shields


You had 5 spell levels left.
You didn't know any spells.
Your spell library contained the following spells:

 Spells                   Type           Power      Damage    Failure   Level
 Magic Dart               Conj           0%         1d3       26%         1
 Shock                    Conj/Air       0%         1d3       26%         1
 Sting                    Conj/Alch      0%         1d3       26%         1
 Mercury Vapours          Alch/Air       0%         N/A       38%         2
 Searing Ray              Conj           0%         2d4       38%         2
 Swiftness                Air            0%         N/A       61%         3
 Airstrike                Air            0%         2d(0-16)  93%         4
 Fulminant Prism          Conj/Alch      0%         3d5       93%         4
 Olgreb's Toxic Radiance  Alch           0%         N/A       93%         4


Dungeon Overview and Level Annotations

Branches:
Dungeon (5/15) Zot: 26621
 Temple: D:4-7

Altars:
Uskayaw
Xom


Innate Abilities, Weirdness & Mutations

Your spellcasting is much less encumbered by armour.
You can use scrolls of enchantment on lesser artefacts.
You have sharp fingernails.
You are agile. (Dex +4, Str/Int -1)
You are covered in fur. (AC +1)


Message History

The ufetubus barely misses you. x2
You closely miss the wight. You barely miss the ufetubus. You hit the wight.
You block the wight's attack.
The wight hits you with a +3 short sword.
You feel drained. The ufetubus closely misses you.
The ufetubus hits you but does no damage.
The jelly barely misses you. The wight closely misses you.
You slash the wight!
The wight is severely damaged.
You hit the jelly.
Your hands burn!
You hit the ufetubus. You hit the wight but do no damage.
The ufetubus barely misses you. You block the ufetubus's attack.
The wight hits you with a +3 short sword.
The jelly hits you but does no damage.
The wight hits you with a +4 spear of freezing.
The wight freezes you.
You are too injured to fight recklessly!
You are too injured to fight recklessly!
You are too injured to fight recklessly!
You closely miss the wight. You barely miss the ufetubus.
You closely miss the wight. You miss the ufetubus. You hit the jelly.
Your hands burn!
The ufetubus hits you but does no damage. x2
You block the ufetubus's attack. x2; The ufetubus hits you.
The ufetubus hits you but does no damage.
The ufetubus closely misses you. The ufetubus barely misses you.
The wight hits you with a +3 short sword.
The wight barely misses you. The jelly hits you. The acid corrodes you!
You are splashed with acid!
* * * LOW HITPOINT WARNING * * *
You closely miss the wight. You hit the ufetubus. You hit the wight.
You destroy the wight!
You closely miss the ufetubus. You hit the jelly but do no damage.
Your hands burn!
* * * LOW HITPOINT WARNING * * *
You block the ufetubus's attack. The ufetubus hits you.
* * * LOW HITPOINT WARNING * * *
The ufetubus misses you. The ufetubus barely misses you.
The wight hits you with a +3 short sword!
You die...

#.#.....## # #
##.....#..###.#
#.#...#...#.....# ######
.............### #.....#
.........#.....##.......
.....<†..#..##.#........
............##.#........
..........#.##..5)......
.........##.####@5......
...#####....# #zJ......
... ...... .z....... ..#
####### ##........ ##
#........ #........
#........ #........


You could see a jelly, 2 wights and 2 ufetubi.

Vanquished Creatures
  A scorpion (D:4)
  A wight (D:5)
  2 bombardier beetles
  A hound (D:4)
  3 iguanas
  Natasha (thrice) (D:2)
  2 adders
  3 dart slugs
  3 orcs (D:4)
  4 bats
  6 endoplasms
  15 goblins
  7 hobgoblins
  6 jackals (D:1)
  A quokka (D:4)
  6 ball pythons
  2 frilled lizards
  9 kobolds
  4 rats
79 creatures vanquished.

Notes
Turn   | Place    | Note
-------+----------+-------------------------------------------
     0 | D:1      | Zeldest the Mountain Dwarf Fighter began the quest for the
                  | Orb.
     0 | D:1      | Reached XP level 1. HP: 19/19 MP: 1/1
   203 | D:1      | Reached XP level 2. HP: 22/26 MP: 2/2
   465 | D:1      | Reached skill level 3 in Axes
  1048 | D:2      | Reached XP level 3. HP: 31/31 MP: 3/3
  1378 | D:2      | Noticed Natasha
  1390 | D:2      | Killed Natasha
  1540 | D:2      | Noticed Natasha
  1547 | D:2      | Killed Natasha
  1548 | D:2      | Reached skill level 4 in Axes
  1548 | D:2      | Reached XP level 4. HP: 38/40 MP: 4/4
  1591 | D:2      | Noticed Natasha
  1602 | D:2      | HP: 2/40 [Natasha (4)]
  1606 | D:2      | Killed Natasha
  1752 | D:2      | Found a shimmering altar of Xom.
  2137 | D:3      | Reached XP level 5. HP: 42/46 MP: 5/5
  2532 | D:4      | Reached skill level 5 in Axes
  2533 | D:4      | Gained mutation: You are covered in fur. (AC +1) [potion of
                  | mutation]
  2533 | D:4      | Gained mutation: You are agile. (Dex +4, Str/Int -1)
                  | [potion of mutation]
  2533 | D:4      | Gained mutation: You have sharp fingernails. [potion of
                  | mutation]
  2533 | D:4      | HP: 2/46 [poisoned by a scorpion]
  2733 | D:4      | Reached XP level 6. HP: 39/53 MP: 6/6
  3030 | D:4      | Found a hide-covered altar of Uskayaw.
  3186 | D:5      | Entered Level 5 of the Dungeon
  3299 | D:5      | Slain by a wight

Illustrated notes

Levels and vault maps discovered:
D:1:      minmay_arrival_plants_in_alcoves, layout_basic
D:2:      kennysheep_the_goblin_king, layout_loops_corners, basic_altar,
          hex_tiny, kennysheep_generic_room_13, uniq_natasha
D:3:      layout_loops_ring
D:4:      layout_rooms, eat_drink_and_be_merry_uskayaw
D:5:      layout_rooms, mainiacjoe_overflow_two_lobes,
          minmay_temple_entry_purple_smoke, gup_sewer_entry_spiral,
          nicolae_shop_firing_range

Skill      XL: |  1  2  3  4  5 |
---------------+----------------+-----
Axes           | 3 4 5 |  5.6
Armour         | 4 |  4.7
Fighting       | 4 |  4.6
Shields        | 4 |  4.6

Action                     |  1- 3 |  4- 6 || total
---------------------------+-------+-------++-------
  Melee: War axe           |    85 |   170 ||   255
    Use: Potion            |     1 |     6 ||     7
 Armour: Scale mail        |    74 |   134 ||   208
  Dodge: Dodged            |    47 |    78 ||   125
  Block: Buckler           |    22 |    40 ||    62

Table legend: (Time is in decaauts)
 A = Elapsed time spent in this place.
 B = Non-inter-level travel time spent in this place.
 C = Inter-level travel time spent in this place.
 D = Time resting spent in this place.
 E = Time spent auto-exploring this place.
 F = Levels seen in this place.
 G = Mean time per level.
                   A        B        C        D        E       F      G
               +--------+--------+--------+--------+--------+-----+--------+
         Total |   3377 |   3232 |    145 |    536 |   2114 |   5 |  675.4 |
       Dungeon |   3377 |   3232 |    145 |    536 |   2114 |   5 |  675.4 |
               +--------+--------+--------+--------+--------+-----+--------+

Top non-repeatable levels by time:
     D:2: 1203 daAuts
     D:1: 818 daAuts
     D:4: 676 daAuts
     D:3: 561 daAuts
     D:5: 117 daAuts
